 Dungeon Crawl Stone Soup version 0.26-b1-32-g5d43845318 (webtiles) character file.

Game seed: 6156839267975207211

45280 Borgoz the Carver (level 14, -1/122 HPs)
             Began as a Ghoul Fighter on Jan 13, 2021.
             Was an Elder of Ashenzari.
             Slain by a 14-headed hydra (11 damage)
             ... on level 4 of the Lair of Beasts.
             The game lasted 00:25:05 (17135 turns).

Borgoz the Carver (Ghoul Fighter)                  Turns: 17135, Time: 00:25:06

Health: -1/122     AC: 20    Str: 21    XL:     14   Next: 32%
Magic:  13/13      EV: 18    Int:  3    God:    Ashenzari [****..]
Gold:   1849       SH: 10    Dex: 18    Spells: 13/13 levels left

rFire    + + .     SeeInvis +   v - +6 scimitar of Light {elec, rElec rF+ Will+ Stlth+}
rCold    + . .     Faith    .   J - +0 buckler {AC+3}
rNeg     + + +     Spirit   .   b - +1 scale mail
rPois    ∞         Reflect  +   r - +1 helmet
rElec    +         Harm     .   u - +0 cloak
rCorr    .         Rampage  .   s - +0 pair of gloves
Will     ++...     Clarity  +   f - +0 pair of boots
Stlth    +.........             o - amulet of reflection
HPRegen  0.00/turn              l - ring of protection from fire
MPRegen  0.13/turn              h - +6 ring of dexterity

@: marked, studying Necromancy
A: claws 1, cold resistance 1, negative energy resistance 3, inhibited
regeneration, torment resistance, unbreathing
a: Renounce Religion, Curse Item, Scrying


You were on level 4 of the Lair of Beasts.
You worshipped Ashenzari.
Ashenzari was greatly pleased with you.
You visited 3 branches of the dungeon, and saw 18 of its levels.
You also visited: Ossuary.

You collected 2070 gold pieces.
You spent 221 gold pieces at shops.

Inventory:

Hand Weapons
 v - the +6 scimitar of Light (weapon) {elec, rElec rF+ Will+ Stlth+}
   (You found it on level 6 of the Dungeon)

   Occasionally, upon striking a foe, it can discharge electrical energy and
   cause terrible harm.
   It protects you from fire.
   It insulates you from electricity.
   It affects your willpower, your defense against some magical effects.
   It makes you more stealthy.
Armour
 b - a +1 scale mail (worn)
 f - a +0 pair of boots (worn)
 r - a +1 helmet (worn)
 s - a +0 pair of gloves (worn)
 u - a +0 cloak (worn)
 J - a +0 buckler of protection (worn)
Jewellery
 h - a +6 ring of dexterity (right hand)
 l - a ring of protection from fire (left hand)
 o - an amulet of reflection (around neck)
 t - an uncursed ring of protection from cold
 B - an uncursed ring of stealth
 G - an uncursed amulet of regeneration
Wands
 j - a wand of flame (149)
 w - a wand of digging (4)
 A - a wand of iceblast (8)
 L - a wand of acid (11)
Scrolls
 a - 3 scrolls of enchant armour
 c - 2 scrolls of fog
 e - 4 scrolls of magic mapping
 g - 5 scrolls of teleportation
 p - 12 scrolls of remove curse
 x - 8 scrolls of identify
 y - a scroll of silence
 C - a scroll of summoning
 D - a scroll of brand weapon
 H - 2 scrolls of fear
 I - 3 scrolls of blinking
Potions
 d - 4 potions of might
 k - 7 potions of curing
 m - 2 potions of flight
 n - 3 potions of resistance
 q - 2 potions of haste
 z - a potion of brilliance
 E - 2 potions of heal wounds
 F - a potion of ambrosia
 K - a potion of cancellation {unknown}
 M - a potion of mutation {unknown}
Books
 i - a manual of Necromancy


   Skills:
 + Level 10.9 Fighting
 * Level 12.2 Long Blades
 * Level 11.8 Armour
 * Level 11.9 Dodging
 + Level 4.1 Shields


You had 13 spell levels left.
You didn't know any spells.
Your spell library contained the following spells:

 Spells                   Type           Power        Failure   Level
 Corona                   Hex            0%           80%         1
 Freeze                   Ice            0%           80%         1
 Shock                    Conj/Air       0%           80%         1
 Sting                    Tmut/Pois      0%           80%         1
 Poisonous Vapours        Pois/Air       0%           90%         2
 Slow                     Hex            0%           90%         2
 Swiftness                Air            0%           90%         2
 Frozen Ramparts          Ice            0%           99%         3
 Ignite Poison            Fire/Tmut/Pois 0%           99%         3
 Inner Flame              Hex/Fire       0%           99%         3
 Mephitic Cloud           Conj/Pois/Air  0%           99%         3
 Ozocubu's Armour         Ice            0%           99%         3
 Portal Projectile        Hex/Tloc       0%           99%         3
 Static Discharge         Conj/Air       0%           99%         3
 Airstrike                Air            0%           100%        4
 Cause Fear               Hex            0%           100%        4
 Hailstorm                Conj/Ice       0%           100%        4
 Leda's Liquefaction      Hex/Erth       0%           100%        4
 Olgreb's Toxic Radiance  Pois           0%           100%        4
 Summon Ice Beast         Ice/Summ       0%           100%        4
 Summon Lightning Spire   Summ/Air       0%           100%        4
 Lightning Bolt           Conj/Air       0%           100%        5
 Silence                  Hex/Air        0%           100%        5
 Conjure Ball Lightning   Conj/Air       0%           100%        6
 Tornado                  Air            0%           100%        9


Dungeon Overview and Level Annotations

Branches:
Dungeon (13/15)            Temple (1/1) D:5            Lair (4/6) D:9
 Shoals (0/4) Lair:2       Spider (0/4) Lair:3          Orc (0/2) D:11
 Vaults (0/5) D:13        Ossuary (visited)

Altars:
Ashenzari
Cheibriados
Dithmenos
Elyvilon
Fedhas
Gozag
Hepliaklqana
Kikubaaqudgha
Makhleb
Nemelex Xobeh
Okawaru
Qazlal
Ru
Sif Muna
Trog
Uskayaw
Vehumet
Wu Jian
Xom
Yredelemnul
Zin
The Shining One

Shops:
D:6 (   D:11 [


Innate Abilities, Weirdness & Mutations

You thrive by killing the living.
You are immune to poison.
You have sharp fingernails.
Your flesh is cold resistant. (rC+)
You are immune to negative energy. (rN+++)
You do not regenerate when monsters are visible.
You are immune to unholy pain and torment.
You can survive without breathing.


Message History

You hack one of the 12-headed hydra's heads off!
The 11-headed hydra grows two more!
You hit the 13-headed hydra.
The 13-headed hydra is moderately wounded.
The 13-headed hydra bites you. The 13-headed hydra closely misses you.
The 13-headed hydra barely misses you. x2
You block the 13-headed hydra's attack. The 13-headed hydra bites you!
* * * LOW HITPOINT WARNING * * *
The 13-headed hydra misses you. The 13-headed hydra bites you!
* * * LOW HITPOINT WARNING * * *
The 13-headed hydra barely misses you. The 13-headed hydra misses you.
The 13-headed hydra bites you but does no damage. x3
You chop one of the 13-headed hydra's heads off!
The 12-headed hydra grows two more!
You slice the 14-headed hydra!!
The 14-headed hydra is heavily wounded.
The 14-headed hydra bites you!
* * * LOW HITPOINT WARNING * * *
The 14-headed hydra bites you.
* * * LOW HITPOINT WARNING * * *
The 14-headed hydra misses you. The 14-headed hydra bites you!
You die...

##........#.# ,.#
,,.##........ #...#......#*
.# **.# #.........
...####...## * .# *.#
###....... #..# #.##### .#
P.# *#.##....
##.#####....###.###..##.,..
#....
#...##..<.....##......#..8
+....
##.....#.........#...... *
PP.....#####........#..#
..........##.#..@†......,
..........##..##.D..8..., ,
..........##.#.?........* ,
..........###...#.8...8. ,
,* #.........# ..##.......
* ,* #...#.#...# #.#
...8... ** , #..#####..#
##*,,....... , ,
...#####..# #.#.#.., *
...#..##..####.. * ,... , ,


You could see a 14-headed hydra.

Vanquished Creatures
  A vault guard (D:13)
  A hydra (Lair:4)
  4 boulder beetles
  6 two-headed ogres
  A centaur warrior (D:13)
  A tengu warrior (D:13)
  Nergalle (Lair:3)
  3 unseen horrors
  A wizard (D:13)
  2 necromancers (D:13)
  2 deep elf magi
  An orc knight (D:13)
  A manticore (D:11)
  A cyclops (D:13)
  12 elephants (Lair:4)
  2 black mambas
  5 cane toads
  A gargoyle (D:13)
  2 rime drakes (Lair:1)
  5 komodo dragons
  4 trolls
  A jumping spider (Lair:3)
  2 hornets (D:10)
  2 polar bears
  A tengu conjurer (D:13)
  3 blink frogs (Lair:4)
  17 humans (D:13)
  Sigmund (D:2)
  7 wyverns
  A redback (Lair:3)
  39 yaks
  Grum (Lair:1)
  Menkaure (Ossuary)
  A warg (D:13)
  An acid dragon (D:12)
  A water moccasin (shapeshifter) (D:13)
  8 water moccasins
  12 orc warriors
  4 ice beasts
  A sky beast (D:9)
  2 hornet zombies
  3 black bears (D:9)
  A phantom (D:12)
  6 necrophages
  2 ogres
  2 wolves (Lair:1)
  9 centaurs
  2 big kobolds (D:12)
  22 bullfrogs
  A wyvern zombie (D:13)
  A wyvern skeleton (D:11)
  A water moccasin skeleton (D:4)
  6 killer bees (D:12)
  16 wights
  2 howler monkeys (D:5)
  4 centaur zombies
  A quasit (D:11)
  6 jellies
  7 orc wizards
  6 centaur skeletons
  7 orc priests
  8 hounds
  3 bullfrog skeletons
  3 iguanas
  8 worker ants
  3 mummies (Ossuary)
  3 worker ant zombies (D:5)
  Robin (D:3)
  4 gnolls
  11 adders
  A shadow imp (D:10)
  5 white imps
  2 ufetubi
  2 oozes
  3 worms
  An adder skeleton (D:7)
  A dart slug (D:1)
  14 leopard geckos
  57 orcs
  2 ball pythons
  8 giant cockroaches
  6 gnoll zombies (Ossuary)
  12 goblins
  10 hobgoblins
  6 jackals
  31 kobolds
  3 quokkas
  A ball python skeleton (D:5)
  9 bats
  4 frilled lizards
  7 gnoll skeletons (Ossuary)
  4 goblin skeletons (Ossuary)
  5 goblin zombies (Ossuary)
  4 hobgoblin skeletons (Ossuary)
  5 hobgoblin zombies (Ossuary)
  2 kobold skeletons (Ossuary)
  3 kobold zombies (Ossuary)
  A leopard gecko skeleton (D:5)
  3 orc skeletons (Ossuary)
  2 orc zombies (Ossuary)
  12 rats
  4 rat skeletons (Ossuary)
  3 rat zombies (Ossuary)
  A bush (D:2)
546 creatures vanquished.

Vanquished Creatures (others)
  A wight (D:13)
  An orc skeleton (Ossuary)
  A rat zombie (Ossuary)
  28 fungi
  33 plants
64 creatures vanquished.

Grand Total: 610 creatures vanquished

Notes
Turn   | Place    | Note
-------+----------+-------------------------------------------
     0 | D:1      | Borgoz the Ghoul Fighter began the quest for the Orb.
     0 | D:1      | Reached XP level 1. HP: 19/19 MP: 0/0
    98 | D:1      | Reached skill level 2 in Long Blades
   126 | D:1      | Reached XP level 2. HP: 25/26 MP: 1/1
   243 | D:1      | Reached skill level 1 in Dodging
   365 | D:1      | Reached XP level 3. HP: 31/31 MP: 2/2
  1604 | D:2      | Reached XP level 4. HP: 38/39 MP: 3/3
  1676 | D:2      | Noticed Sigmund
  1687 | D:2      | Killed Sigmund
  1688 | D:2      | Reached skill level 3 in Long Blades
  1688 | D:2      | Reached XP level 5. HP: 26/46 MP: 4/4
  1917 | D:2      | Reached XP level 6. HP: 52/52 MP: 5/5
  1980 | D:2      | Found an opulent altar of Gozag.
  3563 | D:3      | Noticed Robin
  3593 | D:3      | Killed Robin
  3754 | D:3      | Found a blossoming altar of Fedhas.
  3925 | D:4      | Reached skill level 4 in Long Blades
  3932 | D:4      | Reached XP level 7. HP: 25/60 MP: 6/6
  4646 | D:5      | Entered Level 5 of the Dungeon
  4814 | D:5      | Found a staircase to the Ecumenical Temple.
  4892 | D:5      | Reached skill level 5 in Fighting
  4911 | Temple   | Entered the Ecumenical Temple
  5234 | D:5      | Reached XP level 8. HP: 58/68 MP: 7/7
  5341 | D:5      | Reached skill level 5 in Long Blades
  5631 | D:5      | Found a shimmering altar of Xom.
  5634 | D:5      | Found a bloodstained altar of Trog.
  5637 | D:5      | Found a broken altar of Ashenzari.
  5640 | D:5      | Found a radiant altar of Vehumet.
  5646 | D:5      | Became a worshipper of Ashenzari the Shackled
  5821 | D:5      | Found a sparkling altar of Nemelex Xobeh.
  5823 | D:5      | Found a shimmering altar of Xom.
  5823 | D:5      | Found a shadowy altar of Dithmenos.
  5849 | D:5      | Found an iron altar of Okawaru.
  5849 | D:5      | Found a blossoming altar of Fedhas.
  5849 | D:5      | Found an ancient bone altar of Kikubaaqudgha.
  6363 | D:6      | Found Koismesuko's Antique Weapon Shoppe.
  6381 | D:6      | Bought a slimy long sword for 221 gold pieces
  6381 | D:6      | Identified the +8 long sword of Pandemonium {vamp, SInv}
                  | (You bought it in a shop on level 6 of the Dungeon)
  6399 | D:6      | Got the scimitar of Light {elec, rElec rF+ Will+ Stlth+}
  6400 | D:6      | Identified the +6 scimitar of Light {elec, rElec rF+ Will+
                  | Stlth+} (You found it on level 6 of the Dungeon)
  6591 | D:6      | Found a sand-covered staircase.
  6693 | Ossuary  | Entered an ossuary
  6992 | Ossuary  | Noticed Menkaure
  7001 | Ossuary  | Killed Menkaure
  7002 | Ossuary  | Reached skill level 5 in Dodging
  7115 | D:6      | Reached skill level 5 in Armour
  7135 | D:6      | Reached skill level 6 in Long Blades
  7137 | D:6      | Reached XP level 9. HP: 73/75 MP: 8/8
  7601 | D:7      | Reached * piety under Ashenzari
  7715 | D:7      | Noticed a seven-headed hydra
  8026 | D:8      | Noticed a boulder beetle
  8038 | D:8      | Killed a boulder beetle
  8040 | D:8      | Reached skill level 7 in Long Blades
  8547 | D:9      | Reached XP level 10. HP: 70/84 MP: 9/9
  8624 | D:9      | Noticed a two-headed ogre
  8634 | D:9      | Killed a two-headed ogre
  8719 | D:9      | Noticed a two-headed ogre
  8729 | D:9      | Killed a two-headed ogre
  8838 | D:9      | Reached skill level 8 in Long Blades
  8973 | D:9      | Found a staircase to the Lair.
  9026 | D:9      | Reached XP level 11. HP: 78/94 MP: 10/10
  9493 | D:9      | Noticed an angel
  9494 | D:9      | Found a glowing silver altar of Zin.
  9687 | D:10     | Entered Level 10 of the Dungeon
  9821 | D:10     | Noticed an unseen horror
  9840 | D:10     | Killed an unseen horror
  9841 | D:10     | Reached skill level 9 in Long Blades
  9931 | D:10     | Reached ** piety under Ashenzari
 10726 | D:11     | Noticed a manticore
 10736 | D:11     | Killed a manticore
 10932 | D:11     | Found a staircase to the Orcish Mines.
 10932 | D:11     | Found Buciolebb's Armour Shoppe.
 11015 | D:11     | Noticed a boulder beetle
 11027 | D:11     | Killed a boulder beetle
 11200 | D:11     | Noticed an unseen horror
 11209 | D:11     | Killed an unseen horror
 11270 | D:11     | Noticed a two-headed ogre
 11281 | D:11     | Killed a two-headed ogre
 11282 | D:11     | Reached XP level 12. HP: 87/103 MP: 11/11
 11352 | D:11     | Noticed a two-headed ogre
 11357 | D:11     | Killed a two-headed ogre
 11358 | D:11     | Reached skill level 10 in Long Blades
 11890 | D:12     | Noticed a two-headed ogre
 11898 | D:12     | Killed a two-headed ogre
 12133 | D:12     | Noticed a two-headed ogre
 12147 | D:12     | Killed a two-headed ogre
 12286 | D:12     | Reached skill level 10 in Dodging
 12355 | D:12     | Noticed a boulder beetle
 12382 | D:12     | Killed a boulder beetle
 12383 | D:12     | Reached skill level 10 in Armour
 12721 | D:13     | Noticed a tengu warrior
 12743 | D:13     | Noticed a centaur warrior
 12753 | D:13     | Killed a centaur warrior
 12760 | D:13     | Killed a tengu warrior
 12973 | D:13     | Noticed a vault guard
 12991 | D:13     | Killed a vault guard
 12992 | D:13     | Reached skill level 11 in Long Blades
 12992 | D:13     | Reached XP level 13. HP: 83/113 MP: 12/12
 13031 | D:13     | Reached skill level 10 in Fighting
 13504 | D:13     | Found a gate to the Vaults.
 13646 | D:13     | Identified a scroll of acquirement
 13646 | D:13     | Acquired 774 gold pieces
 13760 | Lair:1   | Entered Level 1 of the Lair of Beasts
 13800 | Lair:1   | Reached *** piety under Ashenzari
 13953 | Lair:1   | Noticed Grum
 13958 | Lair:1   | Killed Grum
 15086 | Lair:2   | Found a staircase to the Shoals.
 15282 | Lair:3   | Noticed Nergalle
 15302 | Lair:3   | Killed Nergalle
 15500 | Lair:3   | Found a hole to the Spider Nest.
 15662 | Lair:3   | Reached **** piety under Ashenzari
 16136 | Lair:4   | Reached XP level 14. HP: 122/122 MP: 13/13
 16141 | Lair:4   | Reached skill level 12 in Long Blades
 17135 | Lair:4   | Slain by a 14-headed hydra

Illustrated notes

Levels and vault maps discovered:
D:1:      lightli_arrival_farm, layout_basic, minmay_tetromino_l2
D:2:      wad_river_or_something, layout_basic, old_standard_altar,
          lexackson_kobold_supper, uniq_sigmund
D:3:      layout_loops_corners, fedhas_altar_1, uniq_robin
D:4:      layout_rooms
D:5:      minmay_octagon_keep, layout_loops_corners,
          grunt_temple_overflow_cloverleaf, minmay_temple_entry_trees,
          doesnt_xom_only_xom
D:6:      layout_basic, lightli_ossuary_entry_decrepit_ruins, serial_shops,
          nicolae_shop_temple_entry_statues_fountains
D:7:      layout_loops_ring, hangedman_abyss_or_decor_slice,
          nicolae_ashenzari_panopticon, uniq_maggie
D:8:      layout_rooms
D:9:      layout_basic, zin_angel, due_lair_maze_entry_diamond
D:10:     layout_irregular_city, kennysheep_generic_room_11
D:11:     layout_basic, orc_david_3
D:12:     layout_long_grid
D:13:     layout_rooms, grunt_vaults_entry_tiered
Temple:   regret_index_temple_generic_petals
Lair:1:   layout_concentric_octagons, uniq_grum
Lair:2:   layout_small_grid, shoals_dummy_entry, chequers_serial_rivers_marsh,
          chequers_serial_rivers_marsh, roderic_carrion_pond, grunt_megastairs_2
Lair:3:   layout_cave_pods, spider_nest_entry_funnel_web, uniq_nergalle
Lair:4:   layout_small_grid, grunt_megastairs_4

Skill      XL: |  1  2  3  4  5  6  7  8  9 10 11 12 13 14 |
---------------+-------------------------------------------+-----
Long Blades    | 2 3 4 6 7 8 9 11 12 | 12.2
Dodging        | 1 2 3 4 5 6 8 9 10 11 | 11.9
Armour         | 3 4 5 6 7 9 10 11 | 11.8
Fighting       | 4 5 6 7 8 9 10 | 10.9
Shields        | 3 4 |  4.1

Action                   |  1- 3 |  4- 6 |  7- 9 | 10-12 | 13-15 || total
-------------------------+-------+-------+-------+-------+-------++-------
Melee: Long sword        |   148 |   254 |   211 |       |       ||   613
       Scimitar          |       |       |   180 |   483 |   467 ||  1130
  Use: Scroll            |     1 |     9 |     8 |     1 |     8 ||    27
       Potion            |     2 |     1 |       |     1 |       ||     4
 Stab: Sleeping          |       |       |       |     1 |     2 ||     3
       Distracted        |       |       |       |     1 |       ||     1
Armor: Scale mail        |    69 |    80 |   116 |   126 |   167 ||   558
Dodge: Dodged            |    54 |    86 |   127 |   245 |   362 ||   874
Block: Kite shield       |    85 |   119 |   249 |   419 |       ||   872
       Reflection        |       |       |     3 |    19 |     2 ||    24
       Buckler           |       |       |       |     2 |   269 ||   271
       Rpst.: Long sword |    13 |    25 |    18 |       |       ||    56
       Scimitar          |       |       |    16 |    61 |    71 ||   148
